 Dungeon Crawl Stone Soup version 0.18.1-6-gd335043 (webtiles) character file.

21 m0ast the Charmwright (level 2, 0/24 (25) HPs)
             Began as a Ghoul Skald on May 17, 2016.
             Slain by an adder (4 damage)
             ... on level 2 of the Dungeon.
             The game lasted 00:03:16 (992 turns).

m0ast the Charmwright (Ghoul Skald)                  Turns: 992, Time: 00:03:17

HP:   0/24 (25)     AC:  3    Str: 15    XL:     2   Next: 87%
MP:   1/4           EV: 11    Int:  7    God:
Gold: 74            SH:  0    Dex:  8    Spells: 1 memorised, 4 levels left

rFire  . . .     SeeInvis .       - Unarmed
rCold  + . .     Gourm    .     a - +0 leather armour
rNeg   + + +     Faith    .     (no shield)
rPois  ∞         Spirit   .     (no helmet)
rElec  .         Dismiss  .     (no cloak)
rCorr  .         Reflect  .     (no gloves)
SustAt .         Harm     .     (no boots)
MR     .....                    (no amulet)
Stlth  +.........               (no ring)
                                (no ring)

@: rotting, not resistant to hostile enchantments, very unstealthy
A: rotting body, claws 1, carnivore 3, cold resistance 1, negative energy
resistance 3, slow regeneration 1, torment resistance, unbreathing
a: no special abilities


You were on level 2 of the Dungeon.
You were not hungry.

You visited 1 branch of the dungeon, and saw 2 of its levels.

You collected 74 gold pieces.

Inventory:

Armour
 a - a +0 leather armour (worn)
Scrolls
 d - a scroll of identify {unknown}
 e - a scroll of amnesia {unknown}
 i - a scroll of enchant weapon {unknown}
Potions
 h - a potion of agility {unknown}
Books
 b - a book of Battle

   Spells                             Type                      Level
   a - Infusion                       Charms                       1
   b - Shroud of Golubria             Charms/Translocation         2
   c - Song of Slaying                Charms                       2
   d - Spectral Weapon                Hexes/Charms                 3
   e - Regeneration                   Charms/Necromancy            3
Comestibles
 c - a meat ration
 f - 4 chunks of flesh
 g - a royal jelly


   Skills:
 + Level 2.5 Fighting
 + Level 1.1 Armour
 * Level 1.4 Dodging
 * Level 2.3 Unarmed Combat
 + Level 2.0 Spellcasting
 + Level 2.8 Charms


You had 4 spell levels left.
You knew the following spells:

 Your Spells              Type           Power        Failure   Level  Hunger
a - Infusion              Chrm           #...         17%         1    ##.....


Dungeon Overview and Level Annotations

Branches:
Dungeon (2/15)

Altars:


Innate Abilities, Weirdness & Mutations

Your body is rotting away.
You thrive on raw meat.
You are immune to poison.
You have sharp fingernails.
You are carnivorous and can eat meat at any time.
Your flesh is cold resistant.
You are immune to negative energy.
You regenerate slowly when monsters are visible.
You are immune to unholy pain and torment.
You can survive without breathing.


Message History

The adder barely misses you.
You barely miss the adder.
The adder is severely wounded.
The adder barely misses you.
You miss the adder.
The adder is severely wounded.
The adder bites you.
You barely miss the adder.
The adder is severely wounded.
You are no longer magically infusing your attacks.
The adder closely misses you. The adder bites you.
* * * LOW HITPOINT WARNING * * *
You miss the adder.
The adder is severely wounded.
The adder bites you.
* * * LOW HITPOINT WARNING * * *
You miss the adder.
The adder is severely wounded.
The adder bites you.
You die...

# ## ..# ## #.# #.
#.####. .#
#############...... ...
##.....#..........#.
....#.............###...
...............).......(
.......@S?.........####)
............>......# #.
................)..# #.
...................# ##
....#.............##
....##.....#.....## ###
#############


You could see an adder.

Vanquished Creatures
  An ooze (D:1)
  2 bats (D:1)
  2 giant cockroaches (D:1)
  A hobgoblin (D:1)
  3 jackals (D:1)
  4 kobolds (D:2)
  A ball python (D:1)
  2 rats (D:1)
16 creatures vanquished.

Notes
Turn   | Place    | Note
--------------------------------------------------------------
     0 | D:1      | m0ast the Ghoul Skald began the quest for the Orb.
     0 | D:1      | Reached XP level 1. HP: 17/17 MP: 2/2
   241 | D:1      | Reached skill level 1 in Dodging
   253 | D:1      | Reached skill level 1 in Armour
   255 | D:1      | Reached XP level 2. HP: 23/25 MP: 0/3
   992 | D:2      | Slain by an adder

Skill      XL: |  1  2 |
---------------+-------+-----
Dodging        | 1 |  1.4
Armour         | 1 |  1.1
Spellcasting   | 2 |  2.0
Fighting       | |  2.5
Unarmed Combat | |  2.3
Charms         | |  2.8

Action                   || total
-------------------------++-------
Melee: Unarmed           ||    67
 Cast: Infusion          ||     9
  Eat: Chunk             ||     4
Armor: Leather armour    ||    30
Dodge: Dodged            ||    56
